 Dungeon Crawl Stone Soup version 0.21.1-1-g345015f (webtiles) character file.

428958 diana the Hoplite (level 22, -2/198 HPs)
             Began as a Red Draconian Berserker on July 7, 2018.
             Was the Champion of Trog.
             Slain by a spriggan rider
             ... wielding a +0 spear
              (14 damage)
             ... on level 2 of the Depths.
             The game lasted 02:28:30 (53978 turns).

diana the Hoplite (Red Draconian Berserker)        Turns: 53978, Time: 02:28:31

Health: -2/198     AC: 14    Str: 31    XL:     22   Next: 80%
Magic:  29/37      EV: 26    Int:  5    God:    Trog [******]
Gold:   3379       SH: 37    Dex: 15    Spells: 21/21 levels left

rFire    + + .     SeeInvis .   G - +9 double sword (slice)
rCold    . . .     Gourm    .   y - +10 large shield of Ignorance {rN+ Int-4}
rNeg     + . .     Faith    .   (armour unavailable)
rPois    .         Spirit   .   (helmet restricted)
rElec    .         Reflect  .   U - +0 cloak "Luxusif" {Int+5}
rCorr    .         Harm     .   i - +2 pair of gloves {Str+3}
MR       ++...     Clarity  +   s - +2 pair of boots
Stlth    +.........             t - necklace of Bloodlust {*Rage +Rage MR++ Int-3 Slay+6 *Curse} (curse)
HPRegen  0.43/turn              w - +4 ring of slaying
MPRegen  0.25/turn              d - ring "Ring" {rF+ MR- EV+3 Slay+2}

@: lethally poisoned (-2 -> -6), corroded
A: breathe fire, unfitting armour, agile 1, clarity, fire resistance 1, high mp
1, no potion heal 1, cold-blooded, AC +11
}: 2/15 runes: decaying, serpentine
a: Breathe Fire, Berserk, Trog's Hand, Brothers in Arms, Burn Spellbooks,
Renounce Religion, Evoke Berserk Rage


You were on level 2 of the Depths.
You worshipped Trog.
Trog was exalted by your worship.
You were hungry.

You visited 9 branches of the dungeon, and saw 42 of its levels.
You also visited: Sewer, Ossuary and Bailey.

You collected 5331 gold pieces.
You spent 1952 gold pieces at shops.

Inventory:

Hand Weapons
 e - a +5 eudemon blade of holy wrath
 G - a +9 double sword of slicing (weapon)
 W - the +10 long sword "Quxzowogg" {drain, +Blink Dex+2 Stlth+}
   (Trog gifted it to you on level 1 of the Depths)

   A truly terrible weapon, it drains the life of those it strikes.
   It affects your dexterity (+2).
   It lets you blink.
   It makes you more stealthy.
Missiles
 h - 13 steel javelins
 x - 4 javelins of penetration
 z - 12 poisoned tomahawks (quivered)
 B - 12 javelins of returning
 E - 17 tomahawks of returning
 X - 3 throwing nets
Armour
 i - a +2 pair of gloves of strength (worn)
 s - a +2 pair of boots (worn)
 y - the +10 large shield of Ignorance (worn) {rN+ Int-4}
   (You found it on level 2 of the Snake Pit)

   It affects your intelligence (-4).
   It protects you from negative energy.
 U - the +0 cloak "Luxusif" (worn) {Int+5}
   (You bought it in a shop on level 14 of the Dungeon)

   It affects your intelligence (+5).
Jewellery
 d - the ring "Ring" (right hand) {rF+ MR- EV+3 Slay+2}
   (You acquired it on level 9 of the Dungeon)

   [ring of evasion]

   It affects your evasion (+3).
   It affects your accuracy and damage with ranged weapons and melee attacks
   (+2).
   It protects you from fire.
   It affects your resistance to hostile enchantments.
 t - the cursed necklace of Bloodlust (around neck) {*Rage +Rage MR++ Int-3 Slay+6 *Curse}
   (You bought it in a shop on level 1 of the Snake Pit)

   [amulet of rage]

   It affects your intelligence (-3).
   It affects your accuracy and damage with ranged weapons and melee attacks
   (+6).
   It affects your resistance to hostile enchantments.
   It lets you go berserk.
   It may make you go berserk in combat.
   It curses itself when equipped.
   It has a curse placed upon it.
 w - a +4 ring of slaying (left hand)
 J - a +6 ring of protection
Wands
 p - a wand of scattershot (5)
 v - a wand of digging (65)
 C - a wand of disintegration (20)
 D - a wand of acid (22)
 L - a wand of iceblast (30)
 R - a wand of flame (34)
 Y - a wand of clouds (11)
Scrolls
 c - 14 scrolls of teleportation
 g - 3 scrolls of fog
 j - 5 scrolls of immolation
 k - 6 scrolls of fear
 l - 18 scrolls of remove curse
 A - a scroll of magic mapping
 I - a scroll of enchant armour
 K - 2 scrolls of silence
 M - a scroll of summoning
 Q - 8 scrolls of identify
 T - 2 scrolls of blinking
 Z - 3 scrolls of holy word
Potions
 a - 3 potions of resistance
 f - 4 potions of brilliance
 n - 2 potions of berserk rage
 o - 10 potions of flight
 q - 8 potions of curing
 r - 3 potions of haste
 F - 4 potions of might
 H - 6 potions of heal wounds
 N - 3 potions of ambrosia
 O - 7 potions of agility
 P - 2 potions of invisibility
 V - 3 potions of cancellation
Miscellaneous
 u - a phial of floods
 S - a box of beasts
Comestibles
 b - 70 rations


   Skills:
 - Level 16.9 Fighting
 - Level 16.1 Long Blades
 - Level 14.0 Throwing
 - Level 15.8 Dodging
 - Level 25.0 Shields
 + Level 15.6 Evocations


You had 21 spell levels left.
You didn't know any spells.

Dungeon Overview and Level Annotations

Branches:
Dungeon (15/15)            Temple (0/1) D:5            Lair (6/6) D:11
  Swamp (4/4) Lair:2        Snake (4/4) Lair:2        Slime (1/5) Lair:6
    Orc (2/2) D:12            Elf (3/3) Orc:2        Vaults (5/5) D:14
  Crypt (0/3) Vaults:3     Depths (2/5) D:15

Altars:
Ashenzari
Elyvilon
Sif Muna
Trog
Xom
Yredelemnul
The Shining One
Beogh

Shops:
D:8 ?   D:13 [   D:14 [   Orc:1 (   Orc:2 [*?*   Elf:2 !:=   Elf:3 **}
Snake:1 }}=   Vaults:1 %   Vaults:2 =

Portals:
Hell: Depths:1

Annotations:
D:7 1 runed door
Lair:6 exclusion: 4 oklob plants
Elf:2 3 runed doors


Innate Abilities, Weirdness & Mutations

You can breathe blasts of fire.
Your fiery red scales are hard. (AC +11)
You cannot fit into any form of body armour.
Your flesh is heat resistant. (rF+)
You are cold-blooded and may be slowed by cold attacks.
You are agile. (Dex +2)
You possess an exceptional clarity of mind.
You have an increased reservoir of magic. (+10% MP)
Potions are less effective at restoring your health.


Message History

You hear an angry growl.
The tengu reaver casts a spell at you. The bolt of poison hits you!
You are poisoned.
* * * LOW HITPOINT WARNING * * *
You hear an angry growl.
A spriggan rider comes into view. It is wielding a spear.
The spriggan rider shouts!
All of the chunks of flesh in your inventory have rotted away.
A centaur warrior comes into view.
Okay, then.
Your system partially rejects the healing.
You feel much better.
You feel sick.
The tengu reaver hits you with an antimagic dire flail!!
* * * LOW HITPOINT WARNING * * *
You feel your power leaking away. You block the tengu reaver's attack.
The tengu reaver claws you but does no damage.
The spriggan rider hits you from afar with a spear!
You die...

,,,**,,*,,**,,,**,,***,,,******
,,,,+*,,,*+..,,*,,,,,,,,,*
*,,,,**+**,..,##,,,,,,,,,*
*,,,,,,,,,,,..#.,,,,,,,,,*
*+,,,,,,,,,,,'#c,,,,,,,,,*
,***,,,,,,,*##..#####,,,,*
,,,***,,,***,..Oi...##,,,*
*,,,,**+**,,,,#Q.....##,,*
*,,,,,,,,,,,,,#.@.....#,,*
*,,,,,*,*,,,,,#.......#,,*
*,,,,**,**,,,,#...()..#,,*
*,,,,*,,,*,,,,##..)..##,,*
,,,,,**,**,,,,,##...##,,,*
,,,,,,***,,,,,,,#####,,,,*
,,,,,,,,,,,,,,,,,,,,,,,,,**
,,,*********************,,*
,,** **,*******


You could see a tengu reaver, a spriggan rider, a centaur warrior and a
two-headed ogre.

Vanquished Creatures
  Mennas (Vaults:4)
  Frederick (Vaults:4)
  Bai Suzhen (Swamp:4)
  Saint Roka (Vaults:4)
  A lich (Depths:1)
  Jorgrun (Vaults:1)
  Rupert (D:15)
  3 deep elf blademasters (Elf:3)
  Kirke (Lair:6)
  A deep elf master archer (Elf:3)
  A thorn hunter (Swamp:3)
  A tengu reaver (Vaults:4)
  Roxanne (Snake:2)
  6 nagarajas
  A revenant (Vaults:3)
  8 vault wardens
  5 frost giants
  6 deep elf sorcerers
  A fire giant (Vaults:4)
  Aizul (Snake:2)
  5 deep elf elementalists
  14 stone giants
  16 very ugly things
  2 entropy weavers (Vaults:4)
  8 ironheart preservers
  A vampire knight (Vaults:3)
  6 deep elf demonologists
  9 deep elf annihilators
  Nessos (Lair:6)
  5 spark wasps (Depths:1)
  2 deep elf death magi (Elf:3)
  An eidolon (Vaults:3)
  Snorg (D:11)
  A death ooze (Swamp:4)
  2 green deaths (Swamp:4)
  6 ettins
  2 fire dragons
  8 ogre magi
  4 great orbs of eyes
  5 deep elf high priests (Elf:3)
  Fannar (Orc:1)
  9 yaktaur captains
  4 rakshasas
  4 ice dragons
  10 naga warriors
  3 vault guards (Vaults:4)
  2 hell beasts (Swamp:4)
  3 death knights
  17 hydras
  A ghost crab (Swamp:2)
  The ghost of wojtek the Cleaver, a novice MiFi of Okawaru (D:8)
  Erica (D:8)
  8 centaur warriors
  22 two-headed ogres
  16 dancing weapons
  2 deep troll shamans (Depths:1)
  11 anacondas
  A tengu warrior (Depths:1)
  11 alligators
  A deep troll earth mage (Vaults:4)
  2 thrashing horrors (Swamp:4)
  4 orc high priests
  A storm dragon zombie (Depths:1)
  9 shock serpents
  A soul eater (Vaults:3)
  16 deep elf knights
  14 naga sharpshooters
  3 skeletal warriors (Vaults:2)
  2 shadow wraiths
  An iron troll (Depths:1)
  3 salamander mystics
  3 unseen horrors
  10 deep trolls
  5 flayed ghosts
  A spriggan druid (Swamp:4)
  8 naga ritualists
  A swamp dragon (shapeshifter) (Elf:3)
  3 glowing orange brains
  8 swamp dragons
  13 deep elf archers
  A lindwurm (Lair:6)
  13 orc knights
  8 wizards
  2 shambling mangroves (Swamp:4)
  9 ironbrand convokers
  4 necromancers
  2 harpies (shapeshifter)
  17 mana vipers
  6 orc sorcerers
  59 deep elf magi
  5 harpies (Vaults:1)
  3 wolf spiders
  An oklob plant (Lair:5)
  65 ugly things
  A manticore (D:15)
  5 cyclopes
  Psyche (D:10)
  14 salamanders
  13 elephants
  An elephant (shapeshifter) (Vaults:4)
  A moth of wrath (shapeshifter) (Depths:1)
  A gargoyle (D:14)
  2 guardian serpents
  3 molten gargoyles (Lair:6)
  43 black mambas
  25 naga magi
  A stone giant skeleton (Depths:1)
  6 centaur zombies
  15 vault sentinels
  4 centaur skeletons
  4 orange demons (Swamp:4)
  8 komodo dragons
  22 spiny frogs
  A kobold demonologist (D:11)
  45 yaktaurs
  A komodo dragon (shapeshifter) (Depths:1)
  A tengu conjurer (Depths:1)
  5 freezing wraiths
  An efreet (D:13)
  A yaktaur skeleton (Vaults:1)
  A queen bee (Lair:2)
  A merfolk (shapeshifter) (Elf:2)
  12 trolls
  A meliai (shapeshifter) (Elf:3)
  A polar bear (shapeshifter) (Elf:1)
  A polar bear (Lair:6)
  9 tyrant leeches
  A wind drake (shapeshifter) (Depths:1)
  7 hornets
  A hornet (shapeshifter) (Vaults:4)
  Grinder (D:3)
  44 slime creatures
  14 dream sheep
  A slime creature (shapeshifter) (Vaults:4)
  8 blink frogs
  8 hippogriffs
  7 bog bodies
  2 deep troll skeletons (Depths:1)
  3 air elementals
  2 shadows
  A spriggan (shapeshifter) (D:13)
  4 spriggans
  The ghost of reveihort the Slasher, an amateur NaBe of Trog (D:3)
  6 wyverns
  3 vampires (D:14)
  5 wraiths
  30 yaks
  Grum (D:8)
  2 hogs (Lair:6)
  3 hungry ghosts
  A hog (shapeshifter) (Vaults:3)
  8 basilisks
  2 steam dragons (Lair:6)
  2 fire elementals
  Eustachio (D:5)
  7 wargs
  Menkaure (D:4)
  18 vampire mosquitoes
  14 insubstantial wisps
  40 nagas
  23 swamp worms
  3 hell hounds (Lair:6)
  An ogre zombie (Vaults:1)
  A soldier ant (D:13)
  2 acid dragons
  A swamp worm (shapeshifter) (D:15)
  15 water moccasins
  Duvessa (D:5)
  A soldier ant (shapeshifter) (Vaults:4)
  Purgy (Sewer)
  4 porcupines
  8 swamp drakes
  38 orc warriors
  6 ice beasts
  2 black bears
  2 black bears (shapeshifter)
  2 eyes of draining
  A necrophage (D:9)
  A sky beast (D:14)
  2 hornet zombies
  7 phantoms
  A tengu (shapeshifter) (Vaults:2)
  4 boggarts (Depths:1)
  An elf zombie (Vaults:1)
  8 wolves
  28 ogres
  28 centaurs
  11 crocodiles
  6 big kobolds
  19 bullfrogs
  A yaktaur zombie (Vaults:1)
  A gnoll sergeant (D:12)
  Dowan (D:5)
  5 earth elementals
  3 human skeletons (Vaults:1)
  3 water moccasin zombies (Ossuary)
  A small abomination (Swamp:4)
  2 scorpions
  12 wights
  29 killer bees
  A vampire bat (D:6)
  4 howler monkeys
  5 lava snakes (Lair:6)
  3 bullfrog zombies
  4 crimson imps
  3 human simulacra
  2 quasits
  2 jellies
  6 hounds
  16 orc priests
  29 orc wizards
  3 bullfrog skeletons
  4 iguanas
  5 worker ants
  2 big kobold zombies (Ossuary)
  2 hound zombies
  2 hound skeletons
  2 mummies (Ossuary)
  Robin (D:3)
  A howler monkey zombie (D:7)
  14 gnolls
  14 adders
  2 shadow imps
  An adder skeleton (D:9)
  3 adder zombies (Ossuary)
  6 worms
  2 dart slugs
  9 leopard geckos
  102 orcs
  4 giant cockroaches
  5 gnoll zombies (Ossuary)
  13 hobgoblins
  10 jackals
  8 quokkas
  15 bats
  4 frilled lizards
  16 goblins
  5 hobgoblin zombies (Ossuary)
  23 kobolds
  7 kobold zombies (Ossuary)
  A leopard gecko skeleton (D:4)
  A leopard gecko zombie (D:8)
  5 orc zombies (Ossuary)
  5 rats
  A briar patch (Swamp:3)
1732 creatures vanquished.

Vanquished Creatures (collateral kills)
  Sojobo (Vaults:4)
  A tengu reaver (Vaults:4)
  A frost giant (Vaults:4)
  An ogre mage (Vaults:4)
  2 two-headed ogres (Vaults:4)
  An orc high priest (Orc:2)
  2 orc knights (Orc:2)
  2 orc sorcerers (Orc:2)
  2 orc warriors (Orc:2)
  An orc wizard (Orc:2)
14 creatures vanquished.

Vanquished Creatures (others)
  A slime creature (Swamp:2)
  A hornet (Swamp:3)
  A spriggan (Swamp:3)
  3 humans (Lair:6)
  2 ogres (Vaults:3)
  An orc priest (Orc:2)
  An orc wizard (Orc:2)
  An orc (Orc:2)
  A briar patch (Swamp:3)
  8 fungi
  8 plants
28 creatures vanquished.

Grand Total: 1774 creatures vanquished

Notes
Turn   | Place    | Note
-------+----------+-------------------------------------------
     0 | D:1      | diana the Draconian Berserker began the quest for the Orb.
     0 | D:1      | Reached XP level 1. HP: 19/19 MP: 1/1
   166 | D:1      | Reached XP level 2. HP: 17/26 MP: 2/2
   651 | D:2      | Reached ** piety under Trog
   654 | D:2      | Reached XP level 3. HP: 31/33 MP: 3/3
  1260 | D:3      | Noticed Robin
  1269 | D:3      | Reached XP level 4. HP: 28/40 MP: 4/4
  1272 | D:3      | Reached *** piety under Trog
  1283 | D:3      | Killed Robin
  1495 | D:3      | Noticed Grinder
  1499 | D:3      | Paralysed by Grinder for 3 turns
  1723 | D:3      | Noticed reveihort's ghost (amateur NaBe)
  1755 | D:4      | Found a sand-covered staircase.
  1773 | D:4      | Noticed Menkaure
  1781 | D:4      | Killed Menkaure
  1781 | D:4      | Reached skill level 5 in Long Blades
  1781 | D:4      | Reached XP level 5. HP: 47/47 MP: 5/5
  1788 | Ossuary  | Entered an ossuary
  2113 | Ossuary  | Reached skill level 5 in Fighting
  2113 | Ossuary  | Reached XP level 6. HP: 17/56 MP: 6/6
  2512 | Ossuary  | Reached **** piety under Trog
  2707 | D:4      | Your scales start taking on a fiery red colour.
  2707 | D:4      | Reached XP level 7. HP: 50/62 MP: 7/7
  2707 | D:4      | Gained mutation: Your flesh is heat resistant. (rF+) [Red Draconian growth]
  3081 | D:4      | Gained mutation: You are frail. (-10% HP) [potion of mutation]
  3081 | D:4      | Gained mutation: You expend magic power (3 MP) to strengthen your wands. [potion of mutation]
  3081 | D:4      | Gained mutation: You are dopey. (Int -2) [potion of mutation]
  3081 | D:4      | Gained mutation: Your tail ends in a poisonous barb. [potion of mutation]
  3082 | D:4      | Lost mutation: You expend magic power (3 MP) to strengthen your wands. [potion of mutation]
  3082 | D:4      | Lost mutation: Your tail ends in a poisonous barb. [potion of mutation]
  3082 | D:4      | Lost mutation: You are dopey. (Int -2) [potion of mutation]
  3082 | D:4      | Lost mutation: You are frail. (-10% HP) [potion of mutation]
  3082 | D:4      | Gained mutation: You are agile. (Dex +2) [potion of mutation]
  3082 | D:4      | Gained mutation: Potions are less effective at restoring your health. [potion of mutation]
  3082 | D:4      | Gained mutation: You have an increased reservoir of magic. (+10% MP) [potion of mutation]
  3082 | D:4      | Gained mutation: You possess an exceptional clarity of mind. [potion of mutation]
  3489 | D:4      | Found a white marble altar of Elyvilon.
  4134 | D:5      | Entered Level 5 of the Dungeon
  4142 | D:5      | Noticed Duvessa
  4142 | D:5      | Noticed Dowan
  4143 | D:5      | Found a shattered altar of Ashenzari.
  4162 | D:5      | Killed Duvessa
  4175 | D:5      | HP: 3/96 [Dowan/stone arrow (9)]
  4177 | D:5      | Killed Dowan
  4542 | D:3      | Killed reveihort's ghost
  4542 | D:3      | Reached XP level 8. HP: 71/71 MP: 8/8
  4922 | D:3      | Paralysed by Grinder for 3 turns
  4933 | D:3      | Killed Grinder
  5508 | D:5      | Found a staircase to the Ecumenical Temple.
  5705 | D:5      | Noticed Eustachio
  5726 | D:5      | Killed Eustachio
  6532 | D:6      | Found a basalt altar of Yredelemnul.
  6563 | D:6      | Reached skill level 10 in Long Blades
  6563 | D:6      | Reached XP level 9. HP: 55/81 MP: 9/9
  6583 | D:6      | Found a glowing drain.
  6599 | Sewer    | Entered a sewer
  6881 | Sewer    | Noticed Purgy
  6891 | Sewer    | Killed Purgy
  7544 | D:6      | Reached ***** piety under Trog
  7937 | D:7      | Found a white marble altar of Elyvilon.
  8201 | D:7      | Found a deep blue altar of Sif Muna.
  8417 | D:7      | Noticed a sixfirhy
  8421 | D:7      | Found a runed door.
  8466 | D:7      | You fall through a shaft!
  8581 | D:8      | Noticed a two-headed ogre
  8612 | D:8      | Noticed a two-headed ogre
  8619 | D:8      | Killed a two-headed ogre
  8635 | D:8      | Noticed Erica
  8650 | D:8      | Killed Erica
  8650 | D:8      | Reached XP level 10. HP: 46/93 MP: 11/11
  8717 | D:8      | Reached skill level 10 in Fighting
  8756 | D:8      | Noticed wojtek's ghost (novice MiFi)
  8845 | D:8      | Found Bovuutz's Magic Scroll Shop.
  8898 | D:9      | Identified a scroll of acquirement
  8899 | D:9      | Got a crude lead ring
  8900 | D:9      | Identified the ring "Ring" {rF+ MR- EV+3 Slay+2} (You acquired it on level 9 of the Dungeon)
  8961 | D:9      | Found a flagged portal.
  9051 | Bailey   | Entered a bailey
 10702 | D:9      | Noticed a two-headed ogre
 10710 | D:9      | Killed a two-headed ogre
 10997 | D:8      | Killed a two-headed ogre
 10997 | D:8      | Reached XP level 11. HP: 78/102 MP: 12/12
 11001 | D:8      | Received a gift from Trog
 11066 | D:8      | Noticed Grum
 11070 | D:8      | Killed Grum
 11368 | D:8      | Killed wojtek's ghost
 11793 | D:9      | Noticed a two-headed ogre
 11801 | D:9      | Killed a two-headed ogre
 11801 | D:9      | Reached skill level 2 in Shields
 12185 | D:10     | Entered Level 10 of the Dungeon
 12295 | D:10     | Found a shimmering altar of Xom.
 12385 | D:10     | Noticed a two-headed ogre
 12393 | D:10     | Killed a two-headed ogre
 12393 | D:10     | Reached skill level 3 in Shields
 12527 | D:10     | Reached skill level 4 in Shields
 12610 | D:10     | Noticed Psyche
 12766 | D:10     | Killed an unseen horror
 13207 | D:10     | Killed Psyche
 13207 | D:10     | Reached skill level 5 in Shields
 13242 | D:11     | Noticed a white ugly thing
 13244 | D:11     | Received a gift from Trog
 13250 | D:11     | Found a staircase to the Lair.
 13254 | D:11     | Killed a white ugly thing
 13276 | D:11     | Reached skill level 6 in Shields
 13444 | D:11     | Noticed Snorg
 13450 | D:11     | Killed Snorg
 13450 | D:11     | Reached skill level 5 in Dodging
 13455 | D:11     | Reached XP level 12. HP: 94/112 MP: 13/13
 13690 | D:11     | Reached skill level 7 in Shields
 13721 | D:11     | Noticed a three-headed hydra
 13726 | D:11     | Killed a one-headed hydra
 13857 | D:11     | Noticed a two-headed ogre
 13860 | D:11     | Killed a two-headed ogre
 13860 | D:11     | Received a gift from Trog
 13913 | D:11     | Reached skill level 8 in Shields
 14136 | D:12     | Reached ****** piety under Trog
 14368 | D:12     | Reached skill level 9 in Shields
 14494 | D:12     | Found a staircase to the Orcish Mines.
 14784 | Lair:1   | Entered Level 1 of the Lair of Beasts
 14861 | Lair:1   | Reached skill level 10 in Shields
 15735 | Lair:2   | Noticed a five-headed hydra
 15740 | Lair:2   | Killed a three-headed hydra
 15853 | Lair:2   | Found a staircase to the Snake Pit.
 15912 | Lair:2   | Reached XP level 13. HP: 122/122 MP: 14/14
 15917 | Lair:2   | Reached skill level 11 in Shields
 16515 | Lair:2   | Found a staircase to the Swamp.
 16870 | Lair:3   | Received a gift from Trog
 17359 | Lair:4   | Reached skill level 12 in Shields
 19145 | Lair:6   | Entered Level 6 of the Lair of Beasts
 19169 | Lair:5   | Reached skill level 15 in Fighting
 19477 | Lair:6   | Received a gift from Trog
 19502 | Lair:6   | Reached skill level 10 in Dodging
 19547 | Lair:6   | Reached XP level 14. HP: 126/134 MP: 15/15
 19664 | Lair:6   | Noticed Kirke
 19737 | Lair:6   | Killed Kirke
 19819 | Lair:6   | Found a staircase to the Slime Pits.
 20307 | Lair:6   | Noticed Nessos
 20340 | Lair:6   | Killed Nessos
 20593 | Lair:6   | Found a large runed door.
 20594 | Lair:6   | Found a large runed door.
 21350 | Snake:1  | Entered Level 1 of the Snake Pit
 21458 | Orc:1    | Entered Level 1 of the Orcish Mines
 21458 | Orc:1    | Noticed Fannar
 21504 | Orc:1    | Killed Fannar
 21741 | Orc:2    | Entered Level 2 of the Orcish Mines
 21771 | Orc:1    | Received a gift from Trog
 22016 | Orc:2    | Found a roughly hewn altar of Beogh.
 22274 | Orc:2    | Paralysed by an orc sorcerer for 6 turns
 22357 | Orc:2    | Found Ijuicer's Armour Shop.
 22357 | Orc:2    | Found Cuhiun's General Store.
 22360 | Orc:2    | Found Fauho's General Store.
 22360 | Orc:2    | Found Jelyosk's Magic Scroll Shoppe.
 22488 | Orc:2    | Found a staircase to the Elven Halls.
 22563 | Orc:1    | Found a bloodstained altar of Trog.
 22637 | Orc:1    | Received a gift from Trog
 22716 | Orc:1    | Found Bewk's Weapon Shop.
 22854 | Orc:2    | Bought a +0 shield for 58 gold pieces
 23238 | D:13     | Reached skill level 13 in Shields
 23410 | D:13     | Found Puiwkel's Antique Armour Shop.
 23585 | D:13     | Reached XP level 15. HP: 102/140 MP: 16/16
 23704 | D:13     | Received a gift from Trog
 24260 | D:14     | Reached skill level 14 in Shields
 24323 | D:14     | Found a glowing golden altar of the Shining One.
 24639 | D:14     | Found a gate to the Vaults.
 24837 | D:14     | Found Pirphaa's Armour Shop.
 25159 | D:15     | Entered Level 15 of the Dungeon
 25253 | D:15     | Found a white marble altar of Elyvilon.
 25272 | D:15     | Reached skill level 15 in Shields
 25347 | D:15     | Noticed Rupert
 25371 | D:15     | Killed Rupert
 25525 | D:15     | Received a gift from Trog
 25956 | D:15     | Found a staircase to the Depths.
 26146 | Elf:1    | Entered Level 1 of the Elven Halls
 26304 | Elf:1    | Reached skill level 15 in Dodging
 26617 | Elf:1    | Received a gift from Trog
 26801 | Elf:1    | Reached XP level 16. HP: 149/149 MP: 17/17
 27010 | Elf:1    | Identified the Grimoire of Battle Magic
 27372 | Elf:2    | Found Iwyug's Jewellery Boutique.
 27372 | Elf:2    | Found Vonkiu's Book Shop.
 27376 | Elf:2    | Found Taemokke's Distillery.
 27542 | Elf:2    | Bought a potion of mutation for 136 gold pieces
 28294 | Lair:1   | Reached XP level 17. HP: 157/157 MP: 18/18
 28430 | Slime:1  | Entered Level 1 of the Pits of Slime
 28457 | Slime:1  | Noticed an acid blob
 28702 | Swamp:1  | Entered Level 1 of the Swamp
 29580 | Swamp:2  | Reached skill level 5 in Throwing
 30654 | Swamp:2  | Received a gift from Trog
 30811 | Swamp:2  | HP: 4/159 [poisoned by a swamp dragon (poison gas)]
 31598 | Snake:1  | Found Vudebb's Gadget Emporium.
 31599 | Snake:1  | Found Voaneisk's Jewellery Boutique.
 31600 | Snake:1  | Found Jureide's Gadget Emporium.
 31630 | Snake:1  | Bought the cursed necklace of Bloodlust {*Rage +Rage MR++ Int-3 Slay+6 *Curse} for 1384 gold pieces
 31630 | Snake:1  | Found the cursed necklace of Bloodlust {*Rage +Rage MR++ Int-3 Slay+6 *Curse}
 32092 | Snake:2  | Found the +10 large shield of Ignorance {rN+ Int-4}
 32097 | Snake:2  | Noticed Aizul
 32109 | Snake:2  | Killed Aizul
 32283 | D:14     | Bought the +0 cloak "Luxusif" {Int+5} for 374 gold pieces
 32620 | Snake:2  | Received a gift from Trog
 32695 | Snake:2  | Reached skill level 16 in Shields
 32907 | Snake:2  | Noticed Roxanne
 32946 | Snake:2  | Killed Roxanne
 33213 | Snake:3  | Reached skill level 17 in Shields
 33454 | Snake:3  | Reached XP level 18. HP: 154/168 MP: 19/19
 33769 | Snake:3  | Reached skill level 18 in Shields
 33905 | Snake:3  | Received a gift from Trog
 34522 | Snake:4  | Entered Level 4 of the Snake Pit
 34539 | Snake:4  | Reached skill level 19 in Shields
 36010 | Snake:4  | Received a gift from Trog
 36010 | Snake:4  | Reached skill level 10 in Throwing
 38062 | Snake:4  | Reached skill level 20 in Shields
 38190 | Snake:4  | Got a serpentine rune of Zot
 38313 | Snake:4  | Received a gift from Trog
 39215 | Swamp:4  | Entered Level 4 of the Swamp
 39347 | Swamp:4  | Noticed Bai Suzhen
 39374 | Swamp:4  | Killed Bai Suzhen
 39374 | Swamp:4  | Reached XP level 19. HP: 174/174 MP: 20/20
 40461 | Swamp:4  | Received a gift from Trog
 41111 | Swamp:4  | Got a decaying rune of Zot
 41941 | Vaults:1 | Entered Level 1 of the Vaults
 42610 | Vaults:1 | Reached skill level 21 in Shields
 42627 | Vaults:1 | Received a gift from Trog
 42749 | Vaults:1 | Found Mumez's Food Boutique.
 42811 | Vaults:1 | Identified the Volume of Displaced Protection
 42836 | Vaults:1 | Noticed Jorgrun
 42846 | Vaults:1 | Killed Jorgrun
 43777 | Vaults:2 | HP: 8/174 [rakshasa (illusionary)/orb of energy (29)]
 44606 | Elf:2    | Received a gift from Trog
 44662 | Elf:2    | Received a gift from Trog
 44662 | Elf:2    | Reached skill level 22 in Shields
 44666 | Elf:2    | Reached XP level 20. HP: 126/183 MP: 22/22
 44927 | Elf:2    | Found a runed gate.
 44927 | Elf:2    | Found a runed gate.
 44927 | Elf:2    | Found a runed gate.
 45051 | Elf:2    | Received a gift from Trog
 45316 | Elf:3    | Entered Level 3 of the Elven Halls
 45387 | Elf:3    | Received a gift from Trog
 45428 | Elf:3    | Found Nibb's Gadget Emporium.
 45478 | Elf:3    | Found Javuntul's General Store.
 45924 | Elf:3    | Found Bon Ydec's Assorted Antiques.
 45957 | Elf:3    | Received a gift from Trog
 45964 | Elf:3    | Got a shimmering falchion {god gift}
 45965 | Elf:3    | Identified the +3 falchion of Mipso {slice, rN+ Dex+5} (Trog gifted it to you on level 3 of the Elven Halls)
 46035 | Elf:3    | Reached skill level 23 in Shields
 46335 | Elf:3    | Received a gift from Trog
 46344 | Elf:3    | Got a scintillating lead amulet
 46501 | Elf:3    | Got a wavering garnet amulet
 46567 | Elf:3    | Identified the amulet "Hozottuh" {+Rage rC+} (You took it off a deep elf mage on level 3 of the Elven Halls)
 46568 | Elf:3    | Identified the amulet "Damnable Contraption" {+Rage rF+ Slay+3} (You found it on level 3 of the Elven Halls)
 46597 | Elf:3    | Received a gift from Trog
 47355 | Vaults:2 | Received a gift from Trog
 47644 | Vaults:2 | Reached skill level 24 in Shields
 47701 | Vaults:2 | Reached skill level 1 in Evocations
 47771 | Vaults:2 | Found Gicuh's Jewellery Shop.
 47950 | Vaults:2 | Reached XP level 21. HP: 152/190 MP: 26/26
 48655 | Vaults:3 | Reached skill level 5 in Evocations
 48885 | Vaults:3 | Received a gift from Trog
 49619 | Vaults:3 | Received a gift from Trog
 49623 | Vaults:3 | Reached skill level 10 in Evocations
 49692 | Vaults:3 | Found a staircase to the Crypt.
 50099 | Vaults:4 | Received a gift from Trog
 50217 | Vaults:4 | Noticed Mennas
 50236 | Vaults:4 | Killed Mennas
 50299 | Vaults:4 | Noticed Saint Roka
 50312 | Vaults:4 | Killed Saint Roka
 50583 | Vaults:4 | Noticed Frederick
 50603 | Vaults:4 | Killed Frederick
 50617 | Vaults:4 | Reached skill level 25 in Shields
 51354 | Vaults:4 | Noticed Sojobo
 51372 | Vaults:4 | Reached XP level 22. HP: 138/198 MP: 35/35
 51734 | Vaults:4 | Received a gift from Trog
 51737 | Vaults:4 | Killed Sojobo
 51737 | Vaults:4 | Reached skill level 15 in Long Blades
 51987 | Vaults:4 | Received a gift from Trog
 52167 | Vaults:4 | Received a gift from Trog
 52233 | Vaults:5 | Entered Level 5 of the Vaults
 52235 | Vaults:5 | Noticed a golden dragon
 52451 | Depths:1 | Entered Level 1 of the Depths
 52503 | Depths:1 | Received a gift from Trog
 52517 | Depths:1 | Got a transparent scimitar {god gift}
 52518 | Depths:1 | Identified the +4 scimitar of the Middle {slice, -Tele rC+ MR+++} (Trog gifted it to you on level 1 of the Depths)
 53200 | Depths:1 | Found a gateway to Hell.
 53409 | Depths:1 | Received a gift from Trog
 53418 | Depths:1 | Got a faintly glowing long sword {god gift}
 53419 | Depths:1 | Identified the +10 long sword "Quxzowogg" {drain, +Blink Dex+2 Stlth+} (Trog gifted it to you on level 1 of the Depths)
 53691 | Depths:1 | Reached skill level 15 in Evocations
 53932 | Depths:2 | Noticed a juggernaut
 53941 | Depths:2 | Noticed a golden dragon
 53978 | Depths:2 | Slain by a spriggan rider

Skill      XL: |  1  2  3  4  5  6  7  8  9 10 11 12 13 14 15 16 17 18 19 20 21 22 |
---------------+-------------------------------------------------------------------+-----
Long Blades    | 4 5 6 8 10 12 13 14 16 | 16.1
Fighting       | 4 5 6 8 9 11 12 13 15 16 | 16.9
Dodging        | 5 7 10 13 15 | 15.8
Shields        | 6 10 12 13 15 17 20 22 24 25 | 25.0
Throwing       | 3 9 13 14 | 14.0
Evocations     | 4 13 15 | 15.6

Action                   |  1- 3 |  4- 6 |  7- 9 | 10-12 | 13-15 | 16-18 | 19-21 | 22-24 || total
-------------------------+-------+-------+-------+-------+-------+-------+-------+-------++-------
Melee: Falchion          |   120 |   177 |   256 |       |       |       |       |       ||   553
       Tailslap          |    14 |    23 |    75 |   107 |   326 |   261 |   382 |   154 ||  1342
       Long sword        |       |       |    82 |     1 |       |       |       |    64 ||   147
       Scimitar          |       |       |       |   327 |    13 |     8 |       |       ||   348
       Demon blade       |       |       |       |   200 |  1337 |  1116 |   719 |       ||  3372
       Unarmed           |       |       |       |       |     1 |       |       |       ||     1
       Double sword      |       |       |       |       |       |       |   784 |   425 ||  1209
Throw: Javelin           |       |       |       |    16 |       |    42 |    29 |       ||    87
       Throwing net      |       |       |       |     2 |       |       |       |       ||     2
       Tomahawk          |       |       |       |       |       |       |       |     2 ||     2
Invok: Berserk           |       |     2 |     4 |     2 |     2 |     1 |     1 |       ||    12
       Trog's Hand       |       |       |     1 |     1 |       |       |       |       ||     2
       Burn Spellbooks   |       |       |       |       |     2 |     1 |     2 |       ||     5
       Brothers in Arms  |       |       |       |       |     1 |     1 |     1 |     2 ||     5
 Abil: Breathe Fire      |       |       |     8 |     5 |     2 |       |     1 |     2 ||    18
Evoke: Wand              |       |       |       |       |       |     4 |       |     2 ||     6
  Use: Potion            |       |     3 |     3 |     1 |     1 |     3 |     2 |     3 ||    16
       Scroll            |       |     1 |     7 |     8 |    11 |    14 |    21 |     4 ||    66
 Stab: Sleeping          |     1 |       |     2 |       |       |       |     3 |       ||     6
       Distracted        |       |       |     1 |       |       |     1 |       |       ||     2
  Eat: Chunk             |     1 |     1 |    20 |    23 |    28 |    15 |    29 |     6 ||   123
       Ration            |       |     2 |     1 |     1 |     3 |     8 |     4 |     1 ||    20
Armor: Skin              |    31 |    63 |   139 |   152 |   222 |    86 |    79 |    18 ||   790
Dodge: Dodged            |    92 |    88 |   214 |   418 |   827 |   457 |   356 |    80 ||  2532
Block: Shield            |       |       |       |       |   325 |   240 |       |       ||   565
       Large shield      |       |       |       |       |       |   779 |  1665 |   446 ||  2890
       Rpst.: Falchion   |    22 |    32 |    58 |       |       |       |       |       ||   112
       Long sword        |       |       |    16 |     1 |       |       |       |     1 ||    18
       Scimitar          |       |       |       |    60 |     1 |     1 |       |       ||    62
       Demon blade       |       |       |       |    23 |   191 |    78 |    28 |       ||   320
       Double sword      |       |       |       |       |       |       |    26 |     8 ||    34
